cohdb
Replays
Latest Replays
All Replays
Popular Replays
Top Player Replays
Match Explorer
How It Works
Community
CoH3 Stats
Reddit
Sign in to upload your games and track your stats! →
Sign in with Steam
Match 39830892
Unlisted
Match 39830892
Overview
Messages
Build Orders
End
Engineer Squad
Construct Barracks
Riflemen Squad
M1 Mortar Team
Riflemen Squad
Selects Advanced Infantry Battlegroup
Selects Convert to Ranger Squad
Riflemen Squad
Convert to Ranger Squad
Infantry Support Center
Convert to Ranger Squad
Selects Frontline Medical Station
Advanced Logistics
Survival Training
Frontline Medical Station
Convert to Ranger Squad
M1918 Browning Automatic Rifles
Selects Ranger Weapon Training
Riflemen Squad
Construct Tank Depot
Selects Artillery Observers
Selects M2A1 105mm Howitzer Emplacement
M18 Hellcat Tank Destroyer
M18 Hellcat Tank Destroyer
Microsoft Outlook
deadsadbadmad
mr_ako
Cyb/R
0
0
Comments
sign in to comment!
No comments posted yet!